 Dungeon Crawl Stone Soup version 0.31-a0-217-g58bb5d79cf (webtiles) character file.

Game seed: 11085754567136676760

142555 qw the Crack Shot (level 17, -13/113 HPs)
             Began as a Gargoyle Hexslinger on July 2, 2023.
             Was a High Priest of Okawaru.
             Mangled by a naga warrior
             ... wielding a +0 heavy long sword
              (16 damage)
             ... on level 3 of the Snake Pit.
             The game lasted 00:10:34 (21873 turns).

qw the Crack Shot (Gargoyle Hexslinger)            Turns: 21873, Time: 00:10:35

Health: -13/113    AC: 27    Str: 14    XL:     17   Next: 35%
Magic:  23/24      EV: 24    Int: 20    God:    Okawaru [*****.]
Gold:   174        SH:  0    Dex: 27    Spells: 17/18 levels left

rFire   + . .        n - +2 triple crossbow (freeze)
rCold   . . .        (shield currently unavailable)
rNeg    + . .        u - +2 troll leather armour {Snorg}
rPois   inf          j - +0 mask of the Dragon {Will+ Slay+3 SInv}
rElec   +            i - +1 cloak
rCorr   .            q - +1 pair of gloves
SInv    +            c - +0 pair of boots
Will    ++...        m - amulet of faith
Stlth   +++          b - +6 ring of dexterity
HPRegen 1.18/turn    t - ring of Jealousy {rF+ Int+6 Dex+3}
MPRegen 0.19/turn

%: faith
@: about to teleport, heroic, flying, constricted
A: sickness immunity, AC +12, big wings, negative energy resistance 1,
electricity resistance, torment resistance 1, petrification resistance
a: Renounce Religion, Heroism, Finesse, Duel


You were on level 3 of the Snake Pit.
You worshipped Okawaru.
Okawaru was extremely pleased with you.
You visited 5 branches of the dungeon, and saw 26 of its levels.

You collected 2786 gold pieces.
You spent 2612 gold pieces at shops.


Innate Abilities, Weirdness & Mutations

You are immune to sickness and miasma.
Your stone body is resilient. (AC +12)
You are immune to poison.
Your large and strong wings let you fly.
You resist negative energy. (rN+)
You are resistant to electric shocks. (rElec)
You are resistant to unholy torment.
You are immune to petrification.


   Skills:
 - Level 15.0(20.0) Fighting
 - Level 22.0(27) Ranged Weapons
 - Level 8.0(13.0) Armour
 + Level 10.5(15.5) Dodging
 - Level 1.0 Spellcasting
 - Level 2.6 Hexes
 - Level 10.0 Invocations


You had 17 spell levels left.
You knew the following spells:

 Your Spells              Type           Power      Damage    Failure   Level
a - Slow                  Hex            44%        N/A       7%          1

Your spell library contained the following spells:

 Spells                   Type           Power      Damage    Failure   Level
 Inner Flame              Hex/Fire       6%         N/A       34%         3
 Portal Projectile        Hex/Tloc       12%        N/A       34%         3
 Cause Fear               Hex            5%         N/A       54%         4

Inventory:

Hand Weapons
 n - a +2 triple crossbow of freezing (weapon)
Armour
 c - a +0 pair of boots (worn)
 i - a +1 cloak (worn)
 j - the +0 mask of the Dragon (worn) {Will+ Slay+3 SInv}
   (You found it on level 13 of the Dungeon)

   Slay:      It affects your accuracy & damage with ranged weapons and melee
   (+3).
   SInv:      It lets you see invisible.
   Will:      It increases your willpower.
 p - the +1 pair of boots "Jogun" {Will- Str+4 SInv}
   (Okawaru gifted it to you on level 5 of the Lair of Beasts)

   Str:       It affects your strength (+4).
   SInv:      It lets you see invisible.
   Will:      It decreases your willpower.
 q - a +1 pair of gloves (worn)
 u - a +2 troll leather armour (worn) {Snorg}
Jewellery
 b - a +6 ring of dexterity (left hand)
 k - an amulet of reflection
 m - an amulet of faith (around neck)
 t - the ring of Jealousy (right hand) {rF+ Int+6 Dex+3}
   (You bought it in a shop on level 2 of the Orcish Mines)

   [ring of intelligence]

   Int:       It affects your intelligence (+6).
   Dex:       It affects your dexterity (+3).
   rF:        It protects you from fire.
 Y - a +5 ring of evasion
Scrolls
 a - 5 scrolls of identify
 v - 3 scrolls of teleportation
Potions
 d - 2 potions of resistance
 e - 2 potions of cancellation
 f - 5 potions of enlightenment
 g - 5 potions of heal wounds
 h - 10 potions of curing
 o - 2 potions of haste
 r - 3 potions of might
 s - a potion of mutation
 x - a potion of magic

Dungeon Overview and Level Annotations

Branches:
Dungeon (15/15)            Temple (1/1) D:7            Lair (5/5) D:9
  Swamp (0/4) Lair:3        Snake (3/4) Lair:2        Slime (0/5) Lair:5
    Orc (2/2) D:9             Elf (0/3) Orc:2        Vaults (0/5) D:13
 Depths (0/4) D:15

Altars:
Ashenzari
Cheibriados
Dithmenos
Elyvilon
Fedhas
Gozag
Hepliaklqana
Kikubaaqudgha
Makhleb
Nemelex Xobeh
Okawaru
Qazlal
Ru
Sif Muna
Trog
Uskayaw
Vehumet
Wu Jian
Xom
Yredelemnul
Zin
The Shining One
Jiyva

Shops:
D:12 =   Orc:1 (   Orc:2 (=[*   Snake:2 !(

Annotations:
D:3 1 runed translucent door, Crazy Yiuf
Orc:1 1 transporter


Message History

You resist.
The naga warrior hits you with a +0 heavy long sword!!!
The naga warrior grabs you. The naga warrior constricts you.
The naga warrior hits you with a +3 hand axe.
21869 ||| INVOKING Heroism.
You gain the combat prowess of a mighty hero.
The naga warrior spits poison at you. The splash of poison misses you.
You shoot a bolt. The bolt hits the naga warrior!
The bolt freezes the naga warrior.
The naga warrior is moderately wounded.
The naga warrior spits poison at you.
The splash of poison hits you but does no damage.
You resist. The naga warrior constricts you.
The naga warrior hits you but does no damage.
You shoot a bolt. The bolt hits the naga warrior!
The bolt freezes the naga warrior.
The naga warrior is heavily wounded.
The naga warrior hits you with a +0 heavy long sword!
The naga warrior constricts you. The salamander barely misses you.
The naga warrior spits poison at you. The splash of poison misses you.
You shoot a bolt. The bolt hits the naga warrior.
The bolt freezes the naga warrior.
The naga warrior is severely wounded.
The salamander closely misses you.
The naga warrior roars a battlecry!
The naga warrior goes into a battle-frenzy!
The naga warrior constricts you.
The naga warrior hits you with a +3 hand axe!!
The salamander completely misses you.
You hear a shout!
21873 ||| READING 4 scrolls of teleportation.
As you read the scroll of teleportation, it crumbles to dust.
You feel strangely unstable.
The guardian serpent coils itself and waves its upper body at you.
The bolt of poison hits the naga warrior!
The bolt of poison misses you.
The naga warrior hits you with a +0 heavy long sword!
You die...

+.......# ..#
+.......###..#
+...###......#
##..# ###...##
#..#####...#
#..........#
#..#####.N.#
#..#####.N.#
......NSN@#
..####'N###
#..)N. +...N..
+.....$.
#...N....
#.......N.
....N..N...


You could see 2 naga warriors, a salamander (strong), a guardian serpent and 2
nagas.

Vanquished Creatures
  Agnes (D:15)
  Kirke (D:15)
  A nagaraja (Snake:2)
  An orc warlord (Orc:2)
  Snorg (Lair:5)
  An ettin (Orc:1)
  An ogre mage (Orc:2)
  8 vault guards (D:13)
  2 catoblepae
  4 anacondas
  6 hydras
  Erica (D:8)
  6 centaur warriors
  2 death knights
  A tengu warrior (D:15)
  10 two-headed ogres
  4 boulder beetles
  10 naga warriors
  7 death yaks
  6 naga sharpshooters
  A deep troll shaman (Lair:5)
  2 shock serpents (Snake:2)
  3 orc high priests (Orc:2)
  Nergalle (Lair:1)
  Urug (Orc:1)
  Sonja (D:13)
  Amaemon (Lair:1)
  2 skysharks
  A skeletal warrior (D:14)
  2 naga ritualists
  A bog body (Lair:3)
  A wizard (D:15)
  A deep elf archer (D:12)
  5 mana vipers
  A phantasmal warrior (D:14)
  A necromancer (D:15)
  2 lindwurms (Lair:5)
  3 deep elf pyromancers
  6 orc knights
  5 manticores
  5 ugly things
  6 orc sorcerers
  Pikel (D:6)
  4 salamanders
  9 cyclopes
  16 black mambas
  37 elephants
  Maurice (Orc:1)
  8 naga magi
  A guardian serpent (Snake:1)
  16 cane toads
  An orange demon (Lair:1)
  2 gargoyles (D:11)
  11 slime creatures
  A centaur skeleton (D:15)
  A centaur zombie (D:15)
  2 torpor snails
  3 unseen horrors
  4 kobold demonologists (D:14)
  Maggie (Lair:1)
  2 freezing wraiths (D:14)
  8 komodo dragons
  3 tengu conjurers
  3 meliai (D:13)
  3 polar bears
  9 trolls
  A polar bear (shapeshifter) (D:15)
  A tarantella (shapeshifter) (D:13)
  Grinder (D:5)
  5 saltlings (Orc:2)
  6 dream sheep (Lair:4)
  15 blink frogs
  A jumping spider (shapeshifter) (D:15)
  Sigmund (D:5)
  A centaur simulacrum (D:15)
  3 wyverns
  A shadow (D:13)
  5 wraiths
  A vampire (D:11)
  45 yaks
  3 basilisks
  A human (D:15)
  2 hogs (D:15)
  5 steam dragons
  3 wargs
  5 vampire mosquitoes
  5 acid dragons
  27 nagas
  11 water moccasins
  3 black bears
  19 orc warriors
  5 sky beasts
  3 ice beasts
  11 ogres
  20 wolves
  7 centaurs
  5 phantoms
  4 lemures (D:6)
  18 bullfrogs
  A gnoll sergeant (D:8)
  5 kobold brigands
  2 scorpions
  8 wights (D:9)
  2 troll zombies (D:9)
  11 killer bees
  A howler monkey (D:11)
  3 lava snakes (Lair:2)
  3 jellies (D:6)
  2 gnoll boudas
  13 orc priests
  5 hounds
  An iguana (D:4)
  A sleepcap (D:8)
  19 orc wizards
  A polar bear simulacrum (Lair:1)
  A wolf simulacrum (Lair:1)
  4 ogre zombies (D:9)
  16 gnolls
  6 adders
  An ufetubus (D:7)
  3 worms
  2 dart slugs
  50 orcs
  6 ball pythons
  4 bats
  6 endoplasms
  5 giant cockroaches
  7 goblins
  7 hobgoblins
  6 jackals
  4 quokkas
  A frilled lizard (D:2)
  A goblin skeleton (D:9)
  3 goblin zombies (D:9)
  A hobgoblin skeleton (D:9)
  A hobgoblin zombie (D:9)
  13 kobolds
  An orc skeleton (D:9)
  12 orc zombies (D:9)
  6 rats
762 creatures vanquished.

Notes
Turn   | Place    | Note
-------+----------+-------------------------------------------
     0 | D:1      | qw the Gargoyle Hexslinger began the quest for the Orb.
     0 | D:1      | Reached XP level 1. HP: 12/12 MP: 2/2
     0 | D:1      | 0 ||| qw: Version: 0.3-a-40-ge99b1a8
     0 | D:1      | 0 ||| qw: Game counter: 3
     0 | D:1      | 0 ||| qw: Melee chars always use a shield: true
     0 | D:1      | 0 ||| qw: God list: Okawaru
     0 | D:1      | 0 ||| qw: Allow faded altars: false
     0 | D:1      | 0 ||| qw: Do Orc after clearing Dungeon:15 true
     0 | D:1      | 0 ||| qw: Do second Lair branch before Depths: true
     0 | D:1      | 0 ||| qw: Lair rune preference: random
     0 | D:1      | 0 ||| qw: Goals: Normal
     0 | D:1      | 0 ||| PLANNING D:1-11
    85 | D:1      | Reached XP level 2. HP: 16/16 MP: 3/3
   230 | D:1      | Reached skill level 3 in Ranged Weapons
   839 | D:1      | 839 ||| UPGRADING to +0 ring mail.
   849 | D:1      | 849 ||| DROPPING +0 robe.
   850 | D:1      | 850 ||| DROPPING ring of flight.
   851 | D:1      | 851 ||| READING 2 scrolls labelled ZOMUHU SITHRY.
   852 | D:1      | 852 ||| DROPPING scroll of poison.
   875 | D:2      | Reached XP level 3. HP: 21/21 MP: 4/4
  1206 | D:2      | 1206 ||| SWAPPING to +0 orcbow.
  1211 | D:2      | 1211 ||| DROPPING +1 sling.
  1542 | D:2      | 1542 ||| READING 2 scrolls labelled MUKILA LINTUEVI.
  1545 | D:2      | 1545 ||| READING 2 scrolls labelled JOATUPP DAKHLAX.
  1546 | D:2      | 1546 ||| READING scroll labelled UDATI XEGIAKHLI.
  1546 | D:2      | Identified a scroll of acquirement
  1546 | D:2      | 1546 ||| ACQUIRING +4 longbow of Innocence {elec, rElec
                  | Str+2 Dex+2}
  1546 | D:2      | Acquired the +4 longbow of Innocence {elec, rElec Str+2
                  | Dex+2}
  1548 | D:2      | 1548 ||| SWAPPING to +4 longbow of Innocence {elec, rElec
                  | Str+2 Dex+2}.
  1549 | D:2      | 1549 ||| DROPPING +0 orcbow.
  1550 | D:2      | 1550 ||| READING 2 scrolls of identify.
  1550 | D:2      | 1550 ||| IDENTIFYING coppery potion
  1551 | D:2      | 1551 ||| DROPPING scroll of fog.
  1760 | D:3      | Reached XP level 4. HP: 19/26 MP: 5/5
  1911 | D:3      | Reached skill level 4 in Ranged Weapons
  2051 | D:3      | Found a runed translucent door.
  2052 | D:3      | Noticed Crazy Yiuf
  2391 | D:3      | Reached skill level 1 in Armour
  2532 | D:3      | 2532 ||| READING scroll labelled KUMYH BELOCH.
  2533 | D:3      | 2533 ||| READING scroll labelled BUHEZI QABUEDI.
  2534 | D:3      | 2534 ||| READING 2 scrolls of identify.
  2534 | D:3      | 2534 ||| IDENTIFYING grey potion
  2535 | D:3      | 2535 ||| DROPPING potion of invisibility.
  2577 | D:4      | Reached XP level 5. HP: 30/30 MP: 6/6
  2751 | D:4      | Reached skill level 5 in Ranged Weapons
  2764 | D:4      | HP: 5/31 [orc/+0 falchion (5)]
  2765 | D:4      | 2765 ||| READING 2 scrolls of teleportation.
  2767 | D:4      | Noticed an acid dragon
  2768 | D:4      | 2768 ||| READING scroll of teleportation.
  2769 | D:4      | HP: 2/31 [hobgoblin (3)]
  2909 | D:4      | Reached skill level 3 in Fighting
  2909 | D:4      | Reached XP level 6. HP: 37/37 MP: 7/7
  2923 | D:4      | 2923 ||| Stepping ~*~*~tactically~*~*~ (water).
  2927 | D:4      | 2927 ||| Stepping ~*~*~tactically~*~*~ (water).
  2929 | D:4      | 2929 ||| Stepping ~*~*~tactically~*~*~ (water).
  3020 | D:4      | Killed an acid dragon
  3021 | D:4      | Reached skill level 6 in Ranged Weapons
  3021 | D:4      | Reached XP level 7. HP: 13/41 MP: 8/8
  3296 | D:4      | 3296 ||| UPGRADING to +0 pair of boots.
  3301 | D:4      | 3301 ||| READING scroll labelled JEUJ ATWOREPU.
  3302 | D:4      | 3302 ||| READING scroll labelled DECLASHR MIXADU.
  3303 | D:4      | 3303 ||| READING scroll labelled IPPIAFA XACWAST.
  3309 | D:5      | Entered Level 5 of the Dungeon
  3368 | D:5      | Reached skill level 7 in Ranged Weapons
  3496 | D:5      | 3496 ||| FLEEEEING.
  3497 | D:5      | 3497 ||| FLEEEEING.
  3498 | D:5      | 3498 ||| FLEEEEING.
  3499 | D:5      | 3499 ||| FLEEEEING.
  3500 | D:5      | 3500 ||| FLEEEEING.
  3501 | D:5      | 3501 ||| FLEEEEING.
  3502 | D:5      | 3502 ||| FLEEEEING.
  3503 | D:5      | 3503 ||| FLEEEEING.
  3504 | D:5      | 3504 ||| FLEEEEING.
  3505 | D:5      | 3505 ||| STAIRDANCE
  3540 | D:4      | 3540 ||| DRINKING 2 golden potions.
  3541 | D:4      | 3541 ||| READING 2 scrolls of identify.
  3541 | D:4      | 3541 ||| IDENTIFYING sedimented silvery potion
  3605 | D:5      | Reached skill level 8 in Ranged Weapons
  3605 | D:5      | Reached XP level 8. HP: 48/48 MP: 9/9
  3706 | D:5      | Noticed Grinder
  3706 | D:5      | Paralysed by Grinder for 5 turns
  3714 | D:5      | Killed Grinder
  3715 | D:5      | Reached skill level 3 in Armour
  4064 | D:5      | Noticed Sigmund
  4069 | D:5      | Killed Sigmund
  4070 | D:5      | Reached skill level 9 in Ranged Weapons
  4105 | D:5      | 4105 ||| UPGRADING to +6 ring of strength.
  4106 | D:5      | 4106 ||| READING 2 scrolls of identify.
  4106 | D:5      | 4106 ||| IDENTIFYING bubbling golden potion
  4204 | D:6      | Reached XP level 9. HP: 55/55 MP: 10/10
  4268 | D:6      | Reached skill level 6 in Fighting
  4389 | D:6      | Noticed Pikel
  4401 | D:6      | Killed Pikel
  4402 | D:6      | Reached skill level 10 in Ranged Weapons
  4610 | D:6      | 4610 ||| Stepping ~*~*~tactically~*~*~ (outnumbered).
  4612 | D:6      | 4612 ||| Stepping ~*~*~tactically~*~*~ (outnumbered).
  4847 | D:6      | Identified the +5 dagger "Nudwowaont" {venom, rF+ rC+}
  4946 | D:6      | 4946 ||| UPGRADING to +0 cloak.
  4951 | D:6      | 4951 ||| UPGRADING to amulet of faith.
  4956 | D:6      | 4956 ||| READING 4 scrolls of identify.
  4956 | D:6      | 4956 ||| IDENTIFYING white potion
  4957 | D:6      | 4957 ||| READING 3 scrolls of identify.
  4957 | D:6      | 4957 ||| IDENTIFYING fizzy orange potion
  4958 | D:6      | 4958 ||| DROPPING potion of lignification.
  4959 | D:6      | 4959 ||| DROPPING potion of attraction.
  4977 | D:7      | Reached skill level 3 in Dodging
  5123 | D:7      | You fall into a shaft and drop 1 floor!
  5183 | D:8      | 5183 ||| READING scroll labelled PUEMON CYFOOVI.
  5228 | D:7      | 5228 ||| Stepping ~*~*~tactically~*~*~ (outnumbered).
  5235 | D:7      | 5235 ||| FLEEEEING.
  5239 | D:7      | 5239 ||| STAIRDANCE
  5274 | D:6      | 5274 ||| DROPPING +6 ring of intelligence.
  5400 | D:7      | Reached skill level 11 in Ranged Weapons
  5405 | D:7      | 5405 ||| Stepping ~*~*~tactically~*~*~ (cloud).
  5409 | D:7      | Reached XP level 10. HP: 37/64 MP: 11/11
  5409 | D:7      | 5409 ||| Stepping ~*~*~tactically~*~*~ (cloud).
  5413 | D:7      | 5413 ||| FLEEEEING.
  5429 | D:7      | 5429 ||| FLEEEEING.
  5430 | D:7      | 5430 ||| FLEEEEING.
  5431 | D:7      | 5431 ||| FLEEEEING.
  5432 | D:7      | 5432 ||| FLEEEEING.
  5433 | D:7      | 5433 ||| FLEEEEING.
  5434 | D:7      | 5434 ||| FLEEEEING.
  5435 | D:7      | 5435 ||| FLEEEEING.
  5436 | D:7      | 5436 ||| FLEEEEING.
  5437 | D:7      | 5437 ||| FLEEEEING.
  5438 | D:7      | 5438 ||| STAIRDANCE
  5498 | D:6      | 5498 ||| UPGRADING to +1 robe of cold resistance.
  5559 | D:7      | 5559 ||| Stepping ~*~*~tactically~*~*~ (water).
  5650 | D:7      | Found a staircase to the Ecumenical Temple.
  5651 | D:7      | 5651 ||| PLANNING TEMPLE
  5651 | D:7      | 5651 ||| DROPPING +0 ring mail.
  5652 | D:7      | 5652 ||| UPGRADING to +0 steam dragon scales.
  5662 | D:7      | 5662 ||| DROPPING +1 robe of cold resistance.
  5671 | Temple   | Entered the Ecumenical Temple
  5672 | Temple   | 5672 ||| PLANNING OKAWARU WORSHIP
  5731 | Temple   | Became a worshipper of Warmaster Okawaru
  5732 | Temple   | 5732 ||| PLANNING D:1-11
  6086 | D:8      | Noticed a two-headed ogre
  6091 | D:8      | Killed a two-headed ogre
  6091 | D:8      | Reached * piety under Okawaru
  6092 | D:8      | Reached skill level 12 in Ranged Weapons
  6125 | D:8      | Noticed Erica
  6126 | D:8      | 6126 ||| INVOKING Heroism.
  6132 | D:8      | Killed Erica
  6204 | D:8      | Noticed a two-headed ogre
  6205 | D:8      | 6205 ||| INVOKING Heroism.
  6210 | D:8      | Killed a two-headed ogre
  6211 | D:8      | Reached skill level 3 in Invocations
  6213 | D:8      | Reached ** piety under Okawaru
  6429 | D:8      | Found a glowing golden altar of the Shining One.
  6429 | D:8      | Found a blossoming altar of Fedhas.
  6429 | D:8      | Found a snail-covered altar of Cheibriados.
  6429 | D:8      | Found an ornate altar of the Wu Jian Council.
  6436 | D:8      | Found a glowing silver altar of Zin.
  6438 | D:8      | Found a hazy altar of Hepliaklqana.
  6514 | D:8      | 6514 ||| INVOKING Heroism.
  6765 | D:8      | 6765 ||| READING 4 scrolls of identify.
  6765 | D:8      | 6765 ||| IDENTIFYING ruby potion
  6870 | D:9      | Reached XP level 11. HP: 68/68 MP: 14/14
  6927 | D:9      | 6927 ||| INVOKING Heroism.
  6930 | D:9      | Reached skill level 13 in Ranged Weapons
  6979 | D:9      | 6979 ||| INVOKING Heroism.
  7004 | D:9      | Found a staircase to the Orcish Mines.
  7218 | D:9      | Reached skill level 9 in Fighting
  7224 | D:9      | 7224 ||| INVOKING Heroism.
  7300 | D:9      | 7300 ||| INVOKING Heroism.
  7429 | D:9      | 7429 ||| INVOKING Heroism.
  7527 | D:9      | 7527 ||| READING scroll of enchant armour.
  7527 | D:9      | 7527 ||| ENCHANTING +0 steam dragon scales.
  7537 | D:9      | Found a staircase to the Lair.
  7629 | D:9      | 7629 ||| Stepping ~*~*~tactically~*~*~ (outnumbered).
  7631 | D:9      | 7631 ||| Stepping ~*~*~tactically~*~*~ (outnumbered).
  7633 | D:9      | Reached *** piety under Okawaru
  7655 | D:9      | 7655 ||| INVOKING Heroism.
  8009 | D:9      | 8009 ||| PLANNING LAIR
  8009 | D:9      | 8009 ||| UPGRADING to +0 helmet.
  8014 | D:9      | 8014 ||| READING 5 scrolls of identify.
  8014 | D:9      | 8014 ||| IDENTIFYING fuming cyan potion
  8080 | Lair:1   | Entered Level 1 of the Lair of Beasts
  8081 | Lair:1   | 8081 ||| PLANNING GAUNTLET
  8105 | Lair:1   | Identified the +12 quarterstaff of the Badger {flame, rF+}
  8136 | Lair:1   | 8136 ||| INVOKING Heroism.
  8148 | Lair:1   | Noticed Nergalle
  8149 | Lair:1   | 8149 ||| Stepping ~*~*~tactically~*~*~ (outnumbered).
  8153 | Lair:1   | Noticed Amaemon
  8154 | Lair:1   | 8154 ||| Stepping ~*~*~tactically~*~*~ (outnumbered).
  8162 | Lair:1   | 8162 ||| INVOKING Heroism.
  8163 | Lair:1   | Killed Nergalle
  8164 | Lair:1   | Reached skill level 14 in Ranged Weapons
  8174 | Lair:1   | Killed Amaemon
  8181 | Lair:1   | Reached **** piety under Okawaru
  8186 | Lair:1   | 8186 ||| INVOKING Heroism.
  8303 | Lair:1   | 8303 ||| INVOKING Heroism.
  8328 | Lair:1   | 8328 ||| INVOKING Heroism.
  8349 | Lair:1   | Reached XP level 12. HP: 30/77 MP: 14/16
  8583 | Lair:1   | Noticed Maggie
  8594 | Lair:1   | Killed Maggie
  8620 | Lair:1   | Reached ***** piety under Okawaru
  8621 | Lair:1   | Reached skill level 6 in Invocations
  8626 | Lair:1   | 8626 ||| INVOKING Heroism.
  8869 | Lair:1   | 8869 ||| INVOKING Heroism.
  8876 | Lair:1   | Received a gift from Okawaru
  8885 | Lair:1   | 8885 ||| DROPPING +2 longbow of flaming.
  8978 | Lair:1   | 8978 ||| RIP GAUNTLET
  8978 | Lair:1   | 8978 ||| PLANNING LAIR
  9185 | Lair:1   | 9185 ||| READING scroll labelled ZOUCWE ZOULEDWUMYA.
  9186 | Lair:1   | 9186 ||| READING scroll labelled RASOWE KIPS.
  9257 | Lair:2   | 9257 ||| Stepping ~*~*~tactically~*~*~ (outnumbered).
  9262 | Lair:2   | 9262 ||| INVOKING Heroism.
  9307 | Lair:2   | Found a staircase to the Snake Pit.
  9317 | Lair:2   | 9317 ||| INVOKING Heroism.
  9388 | Lair:2   | Reached skill level 15 in Ranged Weapons
  9480 | Lair:2   | 9480 ||| INVOKING Heroism.
  9482 | Lair:2   | Reached skill level 9 in Invocations
  9532 | Lair:2   | 9532 ||| INVOKING Heroism.
  9774 | Lair:2   | 9774 ||| INVOKING Heroism.
  9891 | Lair:2   | Noticed a skyshark
  9900 | Lair:2   | Killed a skyshark
  9900 | Lair:2   | Identified the +4 scale mail of Noajacai {+Inv Int+3 Dex-4}
                  | (Okawaru gifted it to you on level 2 of the Lair of Beasts)
  9900 | Lair:2   | Received a gift from Okawaru
 10010 | Lair:2   | 10010 ||| UPGRADING to +0 pair of gloves.
 10015 | Lair:2   | 10015 ||| READING scroll labelled SUKACA SACHIBU.
 10016 | Lair:2   | 10016 ||| READING 4 scrolls of identify.
 10016 | Lair:2   | 10016 ||| IDENTIFYING glowing blue potion
 10128 | Lair:3   | Reached XP level 13. HP: 82/82 MP: 20/20
 10288 | Lair:3   | 10288 ||| INVOKING Heroism.
 10344 | Lair:3   | Reached skill level 6 in Armour
 10440 | Lair:3   | 10440 ||| INVOKING Heroism.
 10455 | Lair:3   | Identified the +7 rapier of the Endless Wishes {elec, *Slow
                  | rPois Dex+3 SInv}
 10483 | Lair:3   | 10483 ||| UPGRADING to ring of positive energy.
 10577 | Lair:3   | 10577 ||| INVOKING Heroism.
 10578 | Lair:3   | 10578 ||| INVOKING Finesse.
 10586 | Lair:3   | Reached skill level 16 in Ranged Weapons
 10608 | Lair:3   | 10608 ||| INVOKING Finesse.
 10686 | Lair:3   | 10686 ||| READING scroll of enchant armour.
 10686 | Lair:3   | 10686 ||| ENCHANTING +1 steam dragon scales.
 10755 | Lair:3   | Identified the +1 flail "Boejitie" {flame, rPois Str+3}
 10886 | Lair:3   | Found a staircase to the Swamp.
 10979 | Lair:3   | 10979 ||| READING 3 scrolls of identify.
 10979 | Lair:3   | 10979 ||| IDENTIFYING fizzy silvery potion
 10980 | Lair:3   | 10980 ||| DROPPING potion of brilliance.
 11022 | Lair:4   | 11022 ||| INVOKING Heroism.
 11047 | Lair:4   | 11047 ||| FLEEEEING.
 11048 | Lair:4   | 11048 ||| STAIRDANCE
 11050 | Lair:3   | 11050 ||| DROPPING ring of magical power.
 11053 | Lair:4   | 11053 ||| STAIRDANCE
 11104 | Lair:4   | 11104 ||| STAIRDANCE
 11106 | Lair:3   | 11106 ||| INVOKING Heroism.
 11290 | Lair:4   | 11290 ||| INVOKING Heroism.
 11317 | Lair:4   | Reached skill level 6 in Dodging
 11317 | Lair:4   | 11317 ||| INVOKING Heroism.
 11518 | Lair:4   | 11518 ||| INVOKING Heroism.
 11713 | Lair:4   | 11713 ||| FLEEEEING.
 11714 | Lair:4   | 11714 ||| FLEEEEING.
 11749 | Lair:4   | Received a gift from Okawaru
 11754 | Lair:4   | 11754 ||| INVOKING Heroism.
 11755 | Lair:4   | 11755 ||| INVOKING Finesse.
 11804 | Lair:4   | 11804 ||| INVOKING Finesse.
 11864 | Lair:4   | Reached skill level 17 in Ranged Weapons
 12009 | Lair:4   | Gained mutation: Your large and strong wings let you fly.
                  | [Gargoyle growth]
 12009 | Lair:4   | Reached XP level 14. HP: 82/90 MP: 21/21
 12249 | Lair:4   | 12249 ||| UPGRADING to +0 helmet of see invisible.
 12259 | Lair:4   | 12259 ||| DROPPING +0 helmet.
 12260 | Lair:4   | 12260 ||| READING 3 scrolls of identify.
 12260 | Lair:4   | 12260 ||| IDENTIFYING bubbling dark potion
 12261 | Lair:4   | 12261 ||| DROPPING potion of berserk rage.
 12276 | Lair:5   | Entered Level 5 of the Lair of Beasts
 12279 | Lair:5   | 12279 ||| INVOKING Heroism.
 12280 | Lair:5   | 12280 ||| INVOKING Finesse.
 12312 | Lair:5   | 12312 ||| STAIRDANCE
 12321 | Lair:4   | HP: 22/90 [yak (5)]
 12322 | Lair:4   | 12322 ||| READING scroll of teleportation.
 12322 | Lair:4   | HP: 10/90 [yak (12)]
 12323 | Lair:4   | 12323 ||| DRINKING 5 potions of heal wounds.
 12543 | Lair:5   | Reached skill level 18 in Ranged Weapons
 12556 | Lair:5   | 12556 ||| INVOKING Heroism.
 12577 | Lair:5   | 12577 ||| INVOKING Finesse.
 12604 | Lair:5   | Identified the +1 sling of Okawaru's Wrath {drain, Str+5}
                  | (Okawaru gifted it to you on level 5 of the Lair of Beasts)
 12604 | Lair:5   | Received a gift from Okawaru
 12605 | Lair:5   | Reached skill level 12 in Fighting
 12616 | Lair:5   | 12616 ||| FLEEEEING.
 12617 | Lair:5   | 12617 ||| STAIRDANCE
 13096 | Lair:5   | 13096 ||| FLEEEEING.
 13102 | Lair:5   | 13102 ||| FLEEEEING.
 13103 | Lair:5   | 13103 ||| FLEEEEING.
 13104 | Lair:5   | 13104 ||| FLEEEEING.
 13105 | Lair:5   | 13105 ||| FLEEEEING.
 13106 | Lair:5   | 13106 ||| FLEEEEING.
 13108 | Lair:5   | 13108 ||| FLEEEEING.
 13110 | Lair:5   | 13110 ||| FLEEEEING.
 13111 | Lair:5   | 13111 ||| FLEEEEING.
 13112 | Lair:5   | 13112 ||| FLEEEEING.
 13113 | Lair:5   | 13113 ||| FLEEEEING.
 13114 | Lair:5   | 13114 ||| FLEEEEING.
 13115 | Lair:5   | 13115 ||| FLEEEEING.
 13116 | Lair:5   | 13116 ||| FLEEEEING.
 13117 | Lair:5   | 13117 ||| FLEEEEING.
 13118 | Lair:5   | 13118 ||| FLEEEEING.
 13120 | Lair:5   | 13120 ||| FLEEEEING.
 13121 | Lair:5   | 13121 ||| FLEEEEING.
 13122 | Lair:5   | 13122 ||| FLEEEEING.
 13124 | Lair:5   | 13124 ||| FLEEEEING.
 13125 | Lair:5   | 13125 ||| FLEEEEING.
 13126 | Lair:5   | 13126 ||| FLEEEEING.
 13127 | Lair:5   | 13127 ||| FLEEEEING.
 13128 | Lair:5   | 13128 ||| INVOKING Heroism.
 13259 | Lair:5   | Found a viscous altar of Jiyva.
 13259 | Lair:5   | Found a staircase to the Slime Pits.
 13300 | Lair:5   | 13300 ||| INVOKING Heroism.
 13320 | Lair:5   | Noticed Snorg
 13322 | Lair:5   | 13322 ||| INVOKING Finesse.
 13326 | Lair:5   | Killed Snorg
 13326 | Lair:5   | Identified the +1 pair of boots "Jogun" {Will- Str+4 SInv}
                  | (Okawaru gifted it to you on level 5 of the Lair of Beasts)
 13326 | Lair:5   | Received a gift from Okawaru
 13599 | Lair:5   | 13599 ||| INVOKING Heroism.
 13600 | Lair:5   | 13600 ||| INVOKING Finesse.
 13696 | Lair:5   | Identified the +5 great mace "Gargoyle's Curse" {protect,
                  | rN+ rCorr Dex+2}
 13819 | Lair:5   | 13819 ||| PLANNING D:1-11
 13819 | Lair:5   | 13819 ||| DROPPING +0 leather armour of fire resistance.
 13820 | Lair:5   | 13820 ||| UPGRADING to +2 troll leather armour {Snorg}.
 13830 | Lair:5   | 13830 ||| DROPPING +2 steam dragon scales.
 13831 | Lair:5   | 13831 ||| DROPPING ring of wizardry.
 13832 | Lair:5   | 13832 ||| DRINKING 2 smoky green potions.
 13927 | D:10     | Entered Level 10 of the Dungeon
 14058 | D:10     | Reached skill level 19 in Ranged Weapons
 14406 | D:10     | 14406 ||| READING scroll labelled BUFIKAESHR SOIMM.
 14480 | D:11     | Reached XP level 15. HP: 97/97 MP: 22/22
 14498 | D:11     | 14498 ||| Stepping ~*~*~tactically~*~*~ (outnumbered).
 14641 | D:11     | Identified the +7 trident "Xuwo" {heavy, *Slow Dex+8}
 15147 | D:11     | 15147 ||| PLANNING D
 15147 | D:11     | 15147 ||| READING 6 scrolls of identify.
 15147 | D:11     | 15147 ||| IDENTIFYING black potion
 15148 | D:11     | 15148 ||| READING 5 scrolls of identify.
 15148 | D:11     | 15148 ||| IDENTIFYING inky potion
 15149 | D:11     | 15149 ||| DROPPING potion of ambrosia.
 15150 | D:11     | 15150 ||| DROPPING potion of degeneration.
 15333 | D:12     | 15333 ||| SWAPPING to +0 triple crossbow.
 15334 | D:12     | 15334 ||| DROPPING +4 longbow of Innocence {elec, rElec
                  | Str+2 Dex+2}.
 15335 | D:12     | 15335 ||| READING 2 scrolls of enchant weapon.
 15335 | D:12     | 15335 ||| ENCHANTING +0 triple crossbow.
 15336 | D:12     | 15336 ||| READING scroll of enchant weapon.
 15336 | D:12     | 15336 ||| ENCHANTING +1 triple crossbow.
 15371 | D:12     | Identified the +4 kite shield "Moel" {Harm} (Okawaru gifted
                  | it to you on level 12 of the Dungeon)
 15371 | D:12     | Received a gift from Okawaru
 15530 | D:12     | 15530 ||| Stepping ~*~*~tactically~*~*~ (outnumbered).
 15532 | D:12     | 15532 ||| FLEEEEING.
 15537 | D:12     | 15537 ||| DRINKING 5 potions of curing.
 15537 | D:12     | 15537 ||| (to cure confusion)
 15551 | D:12     | 15551 ||| FLEEEEING.
 15559 | D:12     | 15559 ||| INVOKING Heroism.
 15609 | D:12     | Identified the +0 plate armour of Past Mistakes {rN+ Regen+
                  | Str-5 Dex+3}
 15652 | D:12     | Found Voonadia's Jewellery Emporium.
 15666 | D:12     | 15666 ||| BUYING +6 ring of dexterity (504 gold).
 15666 | D:12     | Bought a +6 ring of dexterity for 504 gold pieces
 15666 | D:12     | 15666 ||| BUYING amulet of reflection (420 gold).
 15666 | D:12     | Bought an amulet of reflection for 420 gold pieces
 15666 | D:12     | 15666 ||| SHOPLISTING ring "Umuevow" {*Slow Will++ SInv}
                  | (425 gold, have 335).
 15666 | D:12     | 15666 ||| SHOPLISTING ring of willpower (350 gold, have
                  | 335).
 15905 | D:12     | 15905 ||| DROPPING +3 ring mail.
 15906 | D:12     | 15906 ||| UPGRADING to +6 ring of dexterity.
 15908 | D:12     | 15908 ||| UPGRADING to +6 ring of strength.
 15910 | D:12     | 15910 ||| DROPPING ring of positive energy.
 16023 | D:13     | 16023 ||| INVOKING Heroism.
 16037 | D:13     | Found the +0 mask of the Dragon {Will+ Slay+3 SInv}
 16200 | D:13     | 16200 ||| INVOKING Heroism.
 16298 | D:13     | 16298 ||| READING scroll of enchant armour.
 16298 | D:13     | 16298 ||| ENCHANTING +0 pair of gloves.
 16427 | D:13     | Noticed Sonja
 16428 | D:13     | 16428 ||| INVOKING Finesse.
 16432 | D:13     | Killed Sonja
 16487 | D:13     | 16487 ||| INVOKING Heroism.
 16494 | D:13     | HP: 17/98 [vault guard/+0 long sword (12)]
 16495 | D:13     | 16495 ||| READING 3 scrolls of teleportation.
 16495 | D:13     | HP: 5/98 [vault guard/+0 battleaxe (9)]
 16496 | D:13     | 16496 ||| DRINKING 6 potions of heal wounds.
 16497 | D:13     | 16497 ||| DRINKING 5 potions of heal wounds.
 16498 | D:13     | 16498 ||| DRINKING 4 potions of heal wounds.
 16690 | D:13     | Reached skill level 9 in Dodging
 16690 | D:13     | 16690 ||| INVOKING Heroism.
 16810 | D:13     | Found a gate to the Vaults.
 16924 | D:13     | 16924 ||| UPGRADING to +0 mask of the Dragon {Will+ Slay+3
                  | SInv}.
 16934 | D:13     | 16934 ||| DROPPING +0 helmet of see invisible.
 16935 | D:13     | 16935 ||| UPGRADING to +5 ring of evasion.
 16937 | D:13     | 16937 ||| DROPPING +6 ring of strength.
 16938 | D:13     | 16938 ||| READING scroll labelled MUWNUAZUCS.
 17212 | D:14     | 17212 ||| INVOKING Heroism.
 17215 | D:14     | Received a gift from Okawaru
 17304 | D:14     | 17304 ||| FLEEEEING.
 17305 | D:14     | 17305 ||| FLEEEEING.
 17313 | D:14     | Reached skill level 20 in Ranged Weapons
 17570 | D:14     | 17570 ||| DROPPING ring of see invisible.
 17581 | D:15     | Entered Level 15 of the Dungeon
 17588 | D:15     | 17588 ||| Stepping ~*~*~tactically~*~*~ (outnumbered).
 17590 | D:15     | 17590 ||| Stepping ~*~*~tactically~*~*~ (outnumbered).
 17603 | D:15     | 17603 ||| INVOKING Heroism.
 17652 | D:15     | 17652 ||| INVOKING Heroism.
 17846 | D:15     | Noticed Agnes
 17847 | D:15     | 17847 ||| INVOKING Heroism.
 17848 | D:15     | 17848 ||| INVOKING Finesse.
 17855 | D:15     | Killed Agnes
 17856 | D:15     | Reached XP level 16. HP: 77/106 MP: 16/23
 18056 | D:15     | 18056 ||| INVOKING Heroism.
 18059 | D:15     | 18059 ||| Stepping ~*~*~tactically~*~*~ (outnumbered).
 18084 | D:15     | 18084 ||| Stepping ~*~*~tactically~*~*~ (outnumbered).
 18094 | D:15     | Found a staircase to the Depths.
 18149 | D:15     | Noticed Kirke
 18150 | D:15     | 18150 ||| INVOKING Heroism.
 18151 | D:15     | 18151 ||| INVOKING Finesse.
 18157 | D:15     | Killed Kirke
 18157 | D:15     | Identified the +1 ring mail of Greed {Harm rC+} (Okawaru
                  | gifted it to you on level 15 of the Dungeon)
 18157 | D:15     | Received a gift from Okawaru
 18563 | D:15     | 18563 ||| PLANNING ORC
 18563 | D:15     | 18563 ||| DROPPING +1 ring mail of Greed {Harm rC+}.
 18564 | D:15     | 18564 ||| READING 6 scrolls of identify.
 18564 | D:15     | 18564 ||| IDENTIFYING murky orange potion
 18769 | Orc:1    | Entered Level 1 of the Orcish Mines
 18769 | Orc:1    | Noticed Maurice
 18770 | Orc:1    | Noticed Urug
 18771 | Orc:1    | 18771 ||| INVOKING Heroism.
 18772 | Orc:1    | 18772 ||| STAIRDANCE
 18884 | Orc:1    | 18884 ||| INVOKING Heroism.
 18885 | Orc:1    | Killed Maurice
 18890 | Orc:1    | Killed Urug
 18952 | Orc:1    | 18952 ||| INVOKING Heroism.
 19005 | Orc:1    | Found a transporter.
 19164 | Orc:2    | Entered Level 2 of the Orcish Mines
 19194 | Orc:1    | Found Piwuhotia's Antique Weapon Shop.
 19426 | Orc:2    | 19426 ||| INVOKING Heroism.
 19464 | Orc:2    | 19464 ||| INVOKING Heroism.
 19471 | Orc:2    | Reached skill level 21 in Ranged Weapons
 19524 | Orc:2    | 19524 ||| INVOKING Heroism.
 19723 | Orc:2    | 19723 ||| INVOKING Heroism.
 19752 | Orc:2    | Found a staircase to the Elven Halls.
 19768 | Orc:2    | 19768 ||| INVOKING Heroism.
 19868 | Orc:2    | 19868 ||| INVOKING Heroism.
 19898 | Orc:2    | 19898 ||| INVOKING Heroism.
 19936 | Orc:2    | Reached skill level 15 in Fighting
 19954 | Orc:2    | Found Poclon's Weapon Shop.
 19975 | Orc:2    | 19975 ||| INVOKING Heroism.
 19996 | Orc:2    | Found Aryats's Armour Shoppe.
 19998 | Orc:2    | Found Ururuosa's Jewellery Shoppe.
 20004 | Orc:2    | 20004 ||| BUYING +1 cloak (138 gold).
 20004 | Orc:2    | Bought a +1 cloak for 138 gold pieces
 20008 | Orc:2    | 20008 ||| BUYING ring of Jealousy {rF+ Int+6 Dex+3} (900
                  | gold).
 20008 | Orc:2    | Bought the ring of Jealousy {rF+ Int+6 Dex+3} for 900 gold
                  | pieces
 20026 | Orc:2    | 20026 ||| INVOKING Heroism.
 20111 | Orc:2    | Found Aptecaci's General Store.
 20112 | Orc:2    | 20112 ||| INVOKING Heroism.
 20137 | Orc:2    | 20137 ||| BUYING potion of might (44 gold).
 20137 | Orc:2    | Bought a potion of might for 44 gold pieces
 20137 | Orc:2    | 20137 ||| BUYING scroll of teleportation (33 gold).
 20137 | Orc:2    | Bought a scroll of teleportation for 33 gold pieces
 20137 | Orc:2    | 20137 ||| BUYING scroll of teleportation (33 gold).
 20137 | Orc:2    | Bought a scroll of teleportation for 33 gold pieces
 20308 | Orc:2    | 20308 ||| PLANNING SNAKE:1-3
 20308 | Orc:2    | 20308 ||| UPGRADING to +1 cloak.
 20318 | Orc:2    | 20318 ||| DROPPING +0 cloak.
 20319 | Orc:2    | 20319 ||| UPGRADING to ring of Jealousy {rF+ Int+6 Dex+3}.
 20415 | Snake:1  | Entered Level 1 of the Snake Pit
 20480 | Snake:1  | 20480 ||| Stepping ~*~*~tactically~*~*~ (outnumbered).
 20602 | Snake:1  | Received a gift from Okawaru
 20683 | Snake:1  | 20683 ||| INVOKING Heroism.
 20811 | Snake:1  | 20811 ||| INVOKING Heroism.
 20869 | Snake:1  | Reached XP level 17. HP: 113/113 MP: 24/24
 21246 | Snake:2  | 21246 ||| INVOKING Heroism.
 21314 | Snake:2  | Received a gift from Okawaru
 21344 | Snake:2  | 21344 ||| INVOKING Heroism.
 21346 | Snake:2  | 21346 ||| Stepping ~*~*~tactically~*~*~ (outnumbered).
 21360 | Snake:2  | Found Biluukhlo's Distillery.
 21362 | Snake:2  | 21362 ||| Stepping ~*~*~tactically~*~*~ (outnumbered).
 21363 | Snake:2  | 21363 ||| Stepping ~*~*~tactically~*~*~ (outnumbered).
 21365 | Snake:2  | 21365 ||| Stepping ~*~*~tactically~*~*~ (outnumbered).
 21367 | Snake:2  | 21367 ||| Stepping ~*~*~tactically~*~*~ (outnumbered).
 21370 | Snake:2  | Reached skill level 22 in Ranged Weapons
 21383 | Snake:2  | 21383 ||| BUYING 2 potions of curing (90 gold).
 21383 | Snake:2  | Bought 2 potions of curing for 90 gold pieces
 21383 | Snake:2  | 21383 ||| BUYING potion of curing (45 gold).
 21383 | Snake:2  | Bought a potion of curing for 45 gold pieces
 21383 | Snake:2  | 21383 ||| BUYING potion of curing (45 gold).
 21383 | Snake:2  | Bought a potion of curing for 45 gold pieces
 21383 | Snake:2  | 21383 ||| BUYING potion of enlightenment (75 gold).
 21383 | Snake:2  | Bought a potion of enlightenment for 75 gold pieces
 21383 | Snake:2  | 21383 ||| BUYING potion of enlightenment (75 gold).
 21383 | Snake:2  | Bought a potion of enlightenment for 75 gold pieces
 21383 | Snake:2  | 21383 ||| BUYING potion of heal wounds (75 gold).
 21383 | Snake:2  | Bought a potion of heal wounds for 75 gold pieces
 21383 | Snake:2  | 21383 ||| BUYING potion of heal wounds (75 gold).
 21383 | Snake:2  | Bought a potion of heal wounds for 75 gold pieces
 21383 | Snake:2  | 21383 ||| BUYING potion of might (60 gold).
 21383 | Snake:2  | Bought a potion of might for 60 gold pieces
 21383 | Snake:2  | Found Ifeus's Weapon Shoppe.
 21405 | Snake:2  | 21405 ||| INVOKING Heroism.
 21415 | Snake:2  | 21415 ||| Stepping ~*~*~tactically~*~*~ (outnumbered).
 21416 | Snake:2  | 21416 ||| Stepping ~*~*~tactically~*~*~ (outnumbered).
 21418 | Snake:2  | 21418 ||| Stepping ~*~*~tactically~*~*~ (outnumbered).
 21432 | Snake:2  | 21432 ||| Stepping ~*~*~tactically~*~*~ (outnumbered).
 21476 | Snake:2  | 21476 ||| Stepping ~*~*~tactically~*~*~ (outnumbered).
 21478 | Snake:2  | 21478 ||| Stepping ~*~*~tactically~*~*~ (outnumbered).
 21854 | Snake:3  | 21854 ||| Stepping ~*~*~tactically~*~*~ (outnumbered).
 21855 | Snake:3  | 21855 ||| Stepping ~*~*~tactically~*~*~ (outnumbered).
 21865 | Snake:3  | 21865 ||| Stepping ~*~*~tactically~*~*~ (outnumbered).
 21869 | Snake:3  | 21869 ||| INVOKING Heroism.
 21872 | Snake:3  | HP: 2/113 [naga warrior/+3 hand axe (29)]
 21873 | Snake:3  | 21873 ||| READING 4 scrolls of teleportation.
 21873 | Snake:3  | Mangled by a naga warrior

Levels and vault maps discovered:
D:1:      nzn_arrival_depleted_hourglass, layout_basic, palyth_stone_intersect,
          solitary_fountain, minmay_misc_feat_rugged,
          chequers_serial_rivers_micro_c, minmay_cupped
D:2:      layout_loops_ring
D:3:      layout_basic, minmay_hedge_maze, uniq_crazy_yiuf_cottage
D:4:      layout_basic, serial_bayou_pond_c, kennysheep_donut, minmay_distorted
D:5:      layout_basic, minmay_statues_item, kennysheep_generic_room_16,
          uniq_grinder, uniq_sigmund
D:6:      layout_gridville, minmay_strange_pillars, uniq_pikel
D:7:      layout_cave_pools, temple_fountains, minmay_misc_feat_nine_boxes,
          grunt_decor_one_mirror, hangedman_misty_isle
D:8:      layout_loops_ring, minmay_overflow_temple_hex, st_stairs_11,
          nicolae_figureground_sparkle, uniq_erica
D:9:      layout_basic, lair_entry_dummy, zombieorc1_lemuel
D:10:     layout_loops_ring
D:11:     layout_layer_cave, minmay_fractal_squares_diagonal_5
D:12:     minmay_blocky_corners, layout_gridville, serial_shops,
          nicolae_shop_gaudy_bauble, due_unseen_surprise
D:13:     kennysheep_six_static_rooms, layout_loops_ring, erik_vaults_2,
          uniq_sonja
D:14:     layout_roguey, hangedman_decor_growths
D:15:     grunt_enter_depths_magical_seal, layout_gridville, uniq_kirke,
          uniq_agnes
Temple:   nicolae_temple_x_marks_the_god
Lair:1:   layout_misc_corridors, gauntlet_entry_generic,
          portal_ice_cave_entry_ice_simulacra, uniq_maggie, uniq_amaemon,
          uniq_nergalle
Lair:2:   layout_gridlike, nicolae_snake_entry_warm_welcome
Lair:3:   layout_concentric_octagons, skrybe_swamp_entry_bodies,
          grunt_megastairs_5
Lair:4:   beast_lair_carwin_large_3, layout_long_grid
Lair:5:   grunt_lair_end_beastmaster, layout_regular_city,
          minmay_slime_entry_pillars, uniq_snorg
Snake:1:  layout_gridlike
Snake:2:  layout_misc_corridors, lemuel_fruit_tree, minmay_shoptagon
Snake:3:  layout_gridlike, drop_trap, minmay_shop_grove, uniq_bai_suzhen,
          uniq_vashnia
Orc:1:    gammafunk_beogh_shrine, layout_caves, serial_shops, shop,
          uniq_maurice, uniq_urug
Orc:2:    hellmonk_orc_salted, layout_diamond_mine, nicolae_orc_crystal_geode

Skill      XL: |  1  2  3  4  5  6  7  8  9 10 11 12 13 14 15 16 17 |
---------------+----------------------------------------------------+-----
Ranged Weapons | 3 4 5 6 8 9 11 12 14 15 17 19 20 21 22 | 22.0
Fighting       | 2 3 4 5 7 8 9 10 11 12 14 15 | 15.0
Armour         | 1 3 5 7 8 |  8.0
Dodging        | 2 3 4 5 6 7 9 10 | 10.5
Invocations    | 4 5 9 10 | 10.0
Spellcasting   | |  1.0
Hexes          | |  2.6

Action                     |  1- 3 |  4- 6 |  7- 9 | 10-12 | 13-15 | 16-18 || total
---------------------------+-------+-------+-------+-------+-------+-------++-------
   Fire: Sling             |    74 |       |       |       |       |       ||    74
         Orcbow            |    19 |       |       |       |       |       ||    19
         Longbow           |    12 |   102 |   172 |   532 |   691 |       ||  1509
         Triple crossbow   |       |       |       |       |   261 |   512 ||   773
 Invoke: Heroism           |       |       |       |    21 |    23 |    21 ||    65
         Finesse           |       |       |       |       |    10 |     1 ||    11
    Use: Scroll            |     5 |     5 |     8 |     7 |    12 |     2 ||    39
         Potion            |       |       |     1 |       |     6 |       ||     7
 Armour: Robe              |     5 |       |       |     2 |       |       ||     7
         Ring mail         |    13 |    29 |    32 |       |       |       ||    74
         Steam dragon scal |       |       |       |   115 |   169 |       ||   284
         Troll leather arm |       |       |       |       |    57 |    70 ||   127
  Dodge: Dodged            |    27 |    37 |    41 |   216 |   383 |   257 ||   961

Table legend:
 A = Non-vault XP
 B = Vault XP
 C = Vault XP percentage of total XP
 D = Non-vault monster count
 E = Vault monster count
 F = Vault count percentage of total count
                 A         B        C        D         E       F
            +---------+---------+-------+---------+---------+-------
      Total |  145184 |   58467 |  28.7 |     588 |     169 |  22.3
            +---------+---------+-------+---------+---------+-------
        D:1 |      32 |       1 |   3.0 |      18 |       1 |   5.3
        D:2 |      33 |       0 |   0.0 |      13 |       0 |   0.0
        D:3 |      67 |       0 |   0.0 |      16 |       0 |   0.0
        D:4 |     611 |       2 |   0.3 |      31 |       1 |   3.1
        D:5 |     912 |     540 |  37.2 |      23 |       3 |  11.5
        D:6 |     898 |     559 |  38.4 |      14 |       1 |   6.7
        D:7 |     882 |     762 |  46.4 |      14 |       6 |  30.0
        D:8 |    2520 |    1152 |  31.4 |      11 |       4 |  26.7
        D:9 |    2993 |     623 |  17.2 |      32 |      29 |  47.5
       D:10 |    2747 |       0 |   0.0 |      14 |       0 |   0.0
       D:11 |    2689 |    3008 |  52.8 |       9 |       9 |  50.0
       D:12 |    3352 |    2212 |  39.8 |      14 |       6 |  30.0
       D:13 |    5851 |   10406 |  64.0 |      14 |      15 |  51.7
       D:14 |    9507 |       0 |   0.0 |      29 |       0 |   0.0
       D:15 |   10897 |    7354 |  40.3 |      28 |      12 |  30.0
     Lair:1 |    8037 |    2437 |  23.3 |      32 |       6 |  15.8
     Lair:2 |    7421 |     693 |   8.5 |      26 |       4 |  13.3
     Lair:3 |    7638 |    1902 |  19.9 |      24 |       3 |  11.1
     Lair:4 |   12460 |    4346 |  25.9 |      35 |       9 |  20.5
     Lair:5 |   15658 |    9537 |  37.9 |      49 |      21 |  30.0
    Snake:1 |   17637 |       0 |   0.0 |      35 |       0 |   0.0
    Snake:2 |   18638 |       0 |   0.0 |      40 |       0 |   0.0
    Snake:3 |    2123 |       0 |   0.0 |       5 |       0 |   0.0
      Orc:1 |    1947 |    1254 |  39.2 |      12 |       2 |  14.3
      Orc:2 |    9634 |   11679 |  54.8 |      50 |      37 |  42.5
            +---------+---------+-------+---------+---------+-------
